 Dungeon Crawl Stone Soup version 0.30.1-9-gdf580d7c3d (webtiles) character file.

Game seed: 1281339820365496348

230 booth the Ducker (level 5, -6/41 HPs)
             Began as a Demonspawn Gladiator on Sept 30, 2023.
             Mangled by an orc warrior
             ... wielding a +0 scimitar
              (11 damage)
             ... on level 4 of the Dungeon.
             The game lasted 00:14:46 (2728 turns).

booth the Ducker (Demonspawn Gladiator)             Turns: 2728, Time: 00:14:47

Health: -6/41      AC:  7    Str: 21    XL:     5   Next: 72%
Magic:  5/5        EV: 13    Int:  8    God:
Gold:   202        SH:  5    Dex: 13    Spells: 4/4 levels left

rFire   . . .        a - +0 war axe
rCold   . . .        (no shield)
rNeg    . . .        b - +0 leather armour
rPois   .            c - +0 helmet
rElec   .            (no cloak)
rCorr   .            q - +2 pair of gloves
SInv    .            (no boots)
Will    .....        h - amulet of reflection
Stlth   +            (no ring)
HPRegen 0.26/turn    (no ring)
MPRegen 0.09/turn

%: reflection
@: attractive, flying
A: hooves 1, demonic guardian 1, foul stench 1, sense surroundings 1, strong 1
a: no special abilities


You were on level 4 of the Dungeon.
You visited 1 branch of the dungeon, and saw 4 of its levels.

You collected 202 gold pieces.

Inventory:

Hand Weapons
 a - a +0 war axe (weapon)
Missiles
 d - 3 throwing nets (quivered)
 e - a javelin
 t - 3 poisoned darts
Armour
 b - a +0 leather armour (worn)
 c - a +0 helmet (worn)
 q - a +2 pair of gloves (worn)
Jewellery
 h - an amulet of reflection (around neck)
Wands
 m - a wand of digging (5)
Scrolls
 o - a scroll of torment {unknown}
 r - a scroll of noise {unknown}
Potions
 f - 3 potions of curing
 g - a potion of ambrosia {unknown}
 i - a potion of berserk rage {unknown}
 j - a potion of cancellation {unknown}
 k - a potion of heal wounds {unknown}
 n - a potion of degeneration {unknown}
 s - a potion of attraction
 u - a potion of mutation


   Skills:
 + Level 3.4 Fighting
 * Level 3.7 Axes
 + Level 3.1 Throwing
 + Level 3.7 Dodging


You had 4 spell levels left.
You didn't know any spells.
Your spell library contained the following spells:

 Spells                   Type           Power      Damage    Failure   Level
 Slow                     Hex            0%         N/A       45%         1
 Confusing Touch          Hex            0%         N/A       83%         3
 Swiftness                Air            0%         N/A       83%         3
 Vampiric Draining        Necr           0%         2d6       83%         3
 Animate Armour           Summ/Erth      0%         N/A       99%         4
 Borgnjor's Vile Clutch   Necr/Erth      0%         N/A       100%        5
 Conjure Ball Lightning   Conj/Air       0%         3x3d6     100%        6


Dungeon Overview and Level Annotations

Branches:
Dungeon (4/15)
 Temple: D:4-7

Altars:
Hepliaklqana
Kikubaaqudgha
Qazlal
Trog
Wu Jian

Shops:
D:4 *

Annotations:
D:4 Dowan, Duvessa


Innate Abilities, Weirdness & Mutations

You have large cloven feet.
A weak demonic guardian rushes to your aid.
You may rarely emit foul miasma when damaged in melee.
You passively map a small area around you.
Your muscles are strong. (Str +4, Int/Dex -1)


Message History

An orc warrior comes into view. It is wielding a +0 scimitar.
Found a glowing war axe.
Found a bloodstained altar of Trog.
You hit the orc warrior but do no damage.
Your kick misses the orc warrior. You block the orc warrior's attack.
You hit the orc warrior but do no damage.
The orc warrior barely misses you.
You slash the orc warrior! You kick the orc warrior.
The orc warrior is moderately wounded.
The orc warrior barely misses you.
The orc warrior hits you with a +0 scimitar!
You hit the orc warrior but do no damage.
Your kick misses the orc warrior.
The orc warrior is moderately wounded.
The orc warrior hits you with a +0 scimitar.
You closely miss the orc warrior. Your kick misses the orc warrior.
The orc warrior is moderately wounded.
The orc warrior hits you with a +0 scimitar!
You barely miss the orc warrior.
The orc warrior is moderately wounded.
The orc warrior hits you with a +0 scimitar.
* * * LOW HITPOINT WARNING * * *
The orc warrior closely misses you.
It was a potion of attraction.
You feel attractive to monsters. You block the orc warrior's attack.
You barely miss the orc warrior.
The orc warrior is moderately wounded.
The orc warrior misses you.
It was a potion of flight.
You feel very buoyant.
You fly up into the air.
The orc warrior barely misses you.
You barely miss the orc warrior. Your kick misses the orc warrior.
The orc warrior is moderately wounded.
The orc warrior hits you with a +0 scimitar!
* * * LOW HITPOINT WARNING * * *
A demonic guardian appears!
The orc warrior attacks as you move away!
The orc warrior hits you with a +0 scimitar!
You die...

...∩...., #.
..e..... #.)_*
........ , #....
........ #...# *
........ , *#...#*
<....... , ###...#∩
* ..e..... #....#*
### ........
#5o.#** ##.##
##..#... ##.@##
,##...# * ,
**#..##. ##..###
##....# * * ##.#
##.....#, ##.....#
* , , * #..
#....).####......#
, #.
*#................#
#................#
*
.##..............##
*
..............)###
, , ,
....#).........##


You could see an orc warrior (ally target) and a friendly iron imp (summoned).

Vanquished Creatures
  A sky beast (D:3)
  A hound (D:3)
  A gnoll (D:4)
  5 adders
  2 worms
  6 endoplasms
  2 giant cockroaches
  6 goblins
  5 hobgoblins
  2 jackals (D:1)
  6 kobolds
  7 ball pythons
  A bat (D:2)
  A frilled lizard (D:2)
  4 rats
50 creatures vanquished.

Vanquished Creatures (collateral kills)
  A ball python (D:3)
1 creature vanquished.

Grand Total: 51 creatures vanquished

Notes
Turn   | Place    | Note
-------+----------+-------------------------------------------
     0 | D:1      | booth the Demonspawn Gladiator began the quest for the Orb.
     0 | D:1      | Reached XP level 1. HP: 16/16 MP: 1/1
    89 | D:1      | Got the Codex of Foggy Oromancy
   353 | D:1      | Gained mutation: You have large cloven feet. [demonic
                  | ancestry]
   353 | D:1      | Reached XP level 2. HP: 22/22 MP: 2/2
  1276 | D:2      | Found an ancient bone altar of Kikubaaqudgha.
  1394 | D:2      | Gained mutation: A weak demonic guardian rushes to your
                  | aid. [demonic ancestry]
  1394 | D:2      | Reached XP level 3. HP: 28/28 MP: 3/3
  1963 | D:3      | Found a stormy altar of Qazlal.
  1963 | D:3      | Noticed a sky beast
  1982 | D:3      | Killed a sky beast
  1983 | D:3      | Reached XP level 4. HP: 28/35 MP: 4/4
  1983 | D:3      | Gained mutation: You may rarely emit foul miasma when
                  | damaged in melee. [demonic ancestry]
  1983 | D:3      | Reached XP level 5. HP: 32/41 MP: 5/5
  2217 | D:3      | Found an ornate altar of the Wu Jian Council.
  2217 | D:3      | Found a hazy altar of Hepliaklqana.
  2492 | D:3      | Gained mutation: Your muscles are strong. (Str +4, Int/Dex
                  | -1) [potion of mutation]
  2492 | D:3      | Gained mutation: You passively map a small area around you.
                  | [potion of mutation]
  2509 | D:4      | Noticed Duvessa
  2509 | D:4      | Noticed Dowan
  2509 | D:4      | Found Qichym Ytij's Assorted Antiques.
  2711 | D:4      | Noticed an orc warrior
  2716 | D:4      | Found a bloodstained altar of Trog.
  2728 | D:4      | Mangled by an orc warrior

Illustrated notes

Levels and vault maps discovered:
D:1:      dpeg_arrival_court, layout_basic
D:2:      layout_basic, basic_altar, minivault_19
D:3:      layout_rooms, nicolae_qazlal_beasts_of_the_sky,
          gammafunk_temple_overflow_elements
D:4:      layout_cave_pods, nzn_overflow_gifts_of_might_and_magic,
          nicolae_kikubaaqudgha_miasma_corner, nicolae_overflow_two_pavilions,
          serial_shops, shop, kennysheep_donut, uniq_robin, uniq_grinder,
          uniq_duvessa

Skill      XL: |  1  2  3  4  5 |
---------------+----------------+-----
Throwing       | 2 3 |  3.1
Axes           | 3 |  3.7
Dodging        | 3 |  3.7
Fighting       | 3 |  3.4

Action                     |  1- 3 |  4- 6 || total
---------------------------+-------+-------++-------
  Melee: War axe           |    81 |    49 ||   130
         Kick              |    23 |    11 ||    34
         Punch             |     1 |       ||     1
  Throw: Javelin           |     1 |       ||     1
    Use: Scroll            |     2 |     1 ||     3
         Potion            |     2 |     3 ||     5
 Armour: Leather armour    |    21 |     9 ||    30
  Dodge: Dodged            |    46 |    31 ||    77
  Block: Other             |    11 |     8 ||    19
